 Dungeon Crawl Stone Soup version 0.32-a0-909-gc671339a80 (webtiles) character file.

Game seed: 16527180150434999589

5127 greenreed the Grappler (level 10, -12/96 HPs)
             Began as a Troll Shapeshifter on Apr 6, 2024.
             Was a Follower of Uskayaw.
             Mangled by Joseph
             ... wielding a +2 quarterstaff of speed
              (16 damage)
             ... on level 8 of the Dungeon.
             The game lasted 00:15:48 (6230 turns).

greenreed the Grappler (Troll Shapeshifter)         Turns: 6230, Time: 00:15:51

Health: -12/96     AC:  4    Str: 28    XL:     10   Next: 33%
Magic:  11/11      EV: 10    Int:  6    God:    Uskayaw [*.....]
Gold:   240        SH:  0    Dex:  9    Spells: 9/9 levels left

rFire   . .          .
                       - Unarmed
rCold   . . .        (no shield)
rNeg    . . .        a - +0 animal skin
rPois   .            (helmet currently unavailable)
rElec   .            (cloak currently unavailable)
rCorr   .            (gloves unavailable)
SInv    +            (boots unavailable)
Will    .....        D - amulet of regeneration
Stlth   +            s - ring of see invisible
HPRegen 1.96/turn    (no ring)
MPRegen 0.12/turn

%: no passive effects
@: lethally poisoned (-12 -> -14), beast-form, attractive, slowed, very slow
A: beast (slay +3), large, unfitting armour, claws 3, regeneration 1, shaggy fur
1, tough skin 1
a: Begin Untransformation, Renounce Religion, Stomp


You were on level 8 of the Dungeon.
You worshipped Uskayaw.
Uskayaw was noncommittal.
You were a hulking beast.
You visited 2 branches of the dungeon, and saw 9 of its levels.
You also visited: Ossuary.

You collected 420 gold pieces.
You spent 180 gold pieces at shops.

Inventory:

Armour
 a - a +0 animal skin (worn)
 b - a +0 cloak
Jewellery
 k - a ring of fire
 s - a ring of see invisible (left claw)
 D - an amulet of regeneration (around neck)
Talismans
 c - a beast talisman (active)
 d - a flux talisman
 q - a blade talisman
Wands
 t - a wand of flame (25)
 u - a wand of charming (7)
Scrolls
 e - 4 scrolls of enchant armour {unknown}
 f - 2 scrolls of fog {unknown}
 h - 5 scrolls of identify {unknown}
 i - 2 scrolls of enchant weapon {unknown}
 j - 3 scrolls of teleportation {unknown}
 l - a scroll of amnesia {unknown}
 m - 3 scrolls of poison {unknown}
 o - 2 scrolls of fear {unknown}
 p - 3 scrolls of immolation {unknown}
 r - 3 scrolls of noise {unknown}
 v - a scroll of acquirement {unknown}
 y - 2 scrolls of torment {unknown}
 C - a scroll of vulnerability {unknown}
Potions
 g - 2 potions of brilliance {unknown}
 n - 2 potions of attraction
 w - a potion of curing {unknown}
 x - 3 potions of enlightenment {unknown}
 z - 3 potions of resistance {unknown}
 A - a potion of degeneration {unknown}
 B - a potion of ambrosia {unknown}


   Skills:
 + Level 5.5 Fighting
 + Level 5.8 Dodging
 * Level 10.0 Unarmed Combat
 + Level 3.1 Invocations
 + Level 6.7 Shapeshifting


You had 9 spell levels left.
You didn't know any spells.
Your spell library contained the following spells:

 Spells                   Type           Power      Damage    Failure   Level
 Shock                    Conj/Air       0%         1d3       45%         1
 Swiftness                Air            0%         N/A       83%         3
 Tukima's Dance           Hex            0%         N/A       83%         3
 Airstrike                Air            0%         2d(0-16)  99%         4
 Dimensional Bullseye     Hex/Tloc       0%         N/A       99%         4
 Iskenderun's Mystic Bla Conj/Tloc 0%             2d3        (+2d1     99%         4
 Passage of Golubria      Tloc           0%         N/A       99%         4
 Yara's Violent Unravell  Hex/Alch       0%         3d3       100%        5


Dungeon Overview and Level Annotations

Branches:
Dungeon (8/15)             Temple (1/1) D:6         Ossuary (visited)
   Lair: D:8-11

Altars:
Ashenzari
Dithmenos
Elyvilon
Fedhas
Gozag
Hepliaklqana
Makhleb
Nemelex Xobeh
Okawaru
Qazlal
Ru
Sif Muna
Trog
Uskayaw
Vehumet
Wu Jian
Yredelemnul
Zin
The Shining One

Shops:
D:5 =

Annotations:
D:8 1 transporter, Joseph


Innate Abilities, Weirdness & Mutations

You are a hulking beast.
Your limbs bulge with bestial killing power. (Slay +3)
You are too large for most types of armour.
You have claws for hands.
Your natural rate of healing is unusually fast.
You are covered in fur. (AC +1)
You have tough skin. (AC +1)


Message History

Aiming: Charm
Press: ? - help, Shift-Dir - straight line, f - hornet
Aim: a hornet (severely wounded, chance to affect: 39%)
The hornet resists with some effort.
You feel sick.
You are no longer poisoned.
The hornet misses you.
The hornet stings you but does no damage.
Aiming: Charm
Press: ? - help, Shift-Dir - straight line, f/p - hornet
Aim: a hornet (severely wounded, chance to affect: 39%)
The hornet resists with some effort.
The hornet stings you.
You are poisoned.
You feel as though you will be slow longer.
Joseph unwields a +0 sling.
Joseph wields a +2 quarterstaff of speed.
Joseph hits you with a +2 quarterstaff of speed!
The hornet stings you!
* * * LOW HITPOINT WARNING * * *
You are more poisoned.
You feel as though you will be slow longer.
Joseph completely misses you.
Unknown command.
Aiming: Charm
Press: ? - help, Shift-Dir - straight line, f/p - hornet
Aim: a hornet (severely wounded, chance to affect: 39%)
The hornet is charmed.
You feel extremely sick.
Joseph hits you with a +2 quarterstaff of speed.
* * * LOW HITPOINT WARNING * * *
Joseph hits you with a +2 quarterstaff of speed!
* * * LOW HITPOINT WARNING * * *
Unknown command.
Unknown command.
It was a potion of attraction.
You feel attractive to monsters.
* * * LOW HITPOINT WARNING * * *
You feel very sick.
Joseph hits you with a +2 quarterstaff of speed!
You die...
Your body falls in perfect tune with the rhythm.

#.# ..# .# ###.# #..
.# #...# #.@#.#
###...### ....#
#.......# ##...#
#.#.......# ##....
##.#.[.....# #
#.._.####.##.###...###
#.#....yh...##.# #...#
#......@....##.# ##.##
####...###.###.# #.#
#..># #.# #.####.####
#...# #.###>##....).##
#...###...........##.#
#.................##..
#.#...#.###.##.>..##.#
#...........##.#....##


You could see Joseph and a friendly hornet (charmed).

Vanquished Creatures
  A two-headed ogre (D:6)
  Maurice (D:8)
  Grinder (D:6)
  Prince Ribbit (D:7)
  Sigmund (D:2)
  A wyvern (D:8)
  6 yaks
  Menkaure (D:6)
  A steam dragon (D:7)
  2 water moccasins (D:4)
  A sky beast (D:8)
  2 black bears
  2 centaurs (D:5)
  An ogre (D:4)
  A phantom (D:6)
  A kobold brigand (D:8)
  3 bullfrogs
  2 scorpions
  An elf zombie (Ossuary)
  3 wights (D:8)
  A killer bee (D:7)
  A howler monkey (D:6)
  A bombardier beetle (D:4)
  5 centaur zombies (Ossuary)
  3 hounds
  3 orc priests
  2 human zombies (Ossuary)
  A jelly (D:6)
  3 sleepcaps
  Crazy Yiuf (D:5)
  Jessica (D:3)
  2 iguanas
  An orc wizard (D:6)
  3 hound zombies (Ossuary)
  2 mummies (Ossuary)
  Robin (D:2)
  4 gnolls
  6 adders
  2 white imps
  6 adder zombies (Ossuary)
  A ribbon worm (D:2)
  3 dart slugs
  12 orcs
  5 ball pythons
  3 bats
  2 endoplasms
  3 giant cockroaches (D:2)
  12 goblins
  10 hobgoblins
  7 kobolds
  4 frilled lizards
  4 gnoll zombies (Ossuary)
  5 jackal zombies (Ossuary)
  6 kobold zombies (Ossuary)
  5 orc zombies (Ossuary)
  5 rats
  A spectral kobold (D:1)
170 creatures vanquished.

Notes
Turn   | Place    | Note
-------+----------+-------------------------------------------
     0 | D:1      | greenreed the Troll Shapeshifter began the quest for the
                  | Orb.
     0 | D:1      | Reached XP level 1. HP: 18/18 MP: 0/0
   350 | D:1      | Reached skill level 1 in Fighting
   350 | D:1      | Reached XP level 2. HP: 27/27 MP: 1/1
   374 | D:1      | Found a faded altar of an unknown god.
   989 | D:2      | Noticed Sigmund
  1039 | D:2      | Found a basalt altar of Yredelemnul.
  1050 | D:2      | Reached XP level 3. HP: 30/33 MP: 2/2
  1601 | D:2      | Killed Sigmund
  1602 | D:2      | Reached skill level 4 in Unarmed Combat
  1602 | D:2      | Reached XP level 4. HP: 35/42 MP: 3/3
  1602 | D:2      | Reached XP level 5. HP: 41/49 MP: 4/4
  1605 | D:3      | Noticed Robin
  1738 | D:2      | Killed Robin
  1874 | D:3      | Noticed Jessica
  1878 | D:3      | Killed Jessica
  1879 | D:3      | Reached XP level 6. HP: 57/57 MP: 5/5
  1947 | D:3      | Found a glowing silver altar of Zin.
  1951 | D:3      | Found a hazy altar of Hepliaklqana.
  2259 | D:4      | Found a glowing golden altar of the Shining One.
  2272 | D:4      | Reached skill level 5 in Unarmed Combat
  2306 | D:4      | Noticed a water moccasin
  2314 | D:4      | Killed a water moccasin
  2364 | D:4      | Reached XP level 7. HP: 58/66 MP: 6/6
  2683 | D:4      | Found a blossoming altar of Fedhas.
  3033 | D:5      | Entered Level 5 of the Dungeon
  3084 | D:5      | Reached skill level 6 in Unarmed Combat
  3244 | D:5      | Reached XP level 8. HP: 9/75 MP: 7/7
  3272 | D:5      | HP: 3/75 [orc priest/divine providence (17)]
  3474 | D:5      | Found Doep's Jewellery Shoppe.
  3482 | D:5      | Bought a ring of see invisible for 180 gold pieces
  3524 | D:5      | Found a runed translucent door.
  3525 | D:5      | Noticed Crazy Yiuf
  3586 | D:5      | Found a shadowy altar of Dithmenos.
  3623 | D:5      | Reached skill level 5 in Shapeshifting
  3803 | D:5      | Killed Crazy Yiuf
  3804 | D:5      | Reached skill level 7 in Unarmed Combat
  3937 | D:6      | Noticed Grinder
  3946 | D:6      | Killed Grinder
  4070 | D:6      | Reached skill level 8 in Unarmed Combat
  4070 | D:6      | Reached XP level 9. HP: 55/85 MP: 8/8
  4283 | D:6      | Found a staircase to the Ecumenical Temple.
  4289 | Temple   | Entered the Ecumenical Temple
  4317 | Temple   | Became a worshipper of Uskayaw the Reveller
  4355 | D:6      | Noticed Menkaure
  4359 | D:6      | Reached * piety under Uskayaw
  4361 | D:6      | Killed Menkaure
  4437 | D:6      | Found an iron altar of Okawaru.
  4567 | D:6      | Noticed a two-headed ogre
  4573 | D:6      | Reached ** piety under Uskayaw
  4576 | D:6      | HP: 1/85 [two-headed ogre/+0 dire flail (17)]
  4577 | D:6      | Killed a two-headed ogre
  4578 | D:6      | Reached skill level 5 in Dodging
  4578 | D:6      | Reached skill level 1 in Invocations
  4950 | D:7      | Found a sand-covered staircase.
  4959 | Ossuary  | Entered an ossuary
  5015 | Ossuary  | Reached skill level 9 in Unarmed Combat
  5030 | Ossuary  | Reached *** piety under Uskayaw
  5037 | Ossuary  | Reached **** piety under Uskayaw
  5083 | Ossuary  | Reached skill level 5 in Fighting
  5086 | Ossuary  | Reached ***** piety under Uskayaw
  5448 | D:7      | Noticed Prince Ribbit
  5460 | D:7      | Killed Prince Ribbit
  5823 | D:8      | Reached XP level 10. HP: 96/96 MP: 10/10
  5893 | D:8      | Noticed Maurice
  5913 | D:8      | Maurice stole a beast talisman
  5919 | D:8      | Maurice stole a ring of fire
  5925 | D:8      | Maurice stole 233 gold
  5928 | D:8      | Killed Maurice
  6084 | D:8      | Found a transporter.
  6159 | D:8      | Reached skill level 10 in Unarmed Combat
  6214 | D:8      | Found a bloodstained altar of Trog.
  6220 | D:8      | Noticed Joseph
  6230 | D:8      | HP: 4/96 [poisoned by a hornet]
  6230 | D:8      | Mangled by Joseph

Illustrated notes

Levels and vault maps discovered:
D:1:      dpeg_arrival_boxes_within_box, layout_loops_cross,
          dreamdust_ecumenical_altar_drowned_temple
D:2:      layout_basic, basic_altar, uniq_sigmund
D:3:      layout_rooms, mainiacjoe_overflow_catwalk_spiral,
          mrwooster_statue_mirror, nicolae_twisty_statue_hallways, uniq_robin,
          uniq_jessica
D:4:      layout_gridville, old_standard_altar, amcnicky_altar_gilded
D:5:      layout_rooms, lemuel_coloured_pillars_altar, serial_shops,
          shop_fountains, uniq_crazy_yiuf_cottage
D:6:      layout_rooms, lemuel_tele_altar, minmay_temple_entry_hall,
          serial_library_hellmonk_long_bookcase, uniq_menkaure, uniq_grinder
D:7:      layout_loops_cross, nicolae_ossuary_entry_monument,
          kennysheep_windowed_goal, uniq_prince_ribbit1
D:8:      gammafunk_wand_slinger, layout_loops_ring, bloody_trog, st_stairs_13,
          uniq_maurice, uniq_joseph
Temple:   minmay_temple_forest_path

Skill      XL: |  1  2  3  4  5  6  7  8  9 10 |
---------------+-------------------------------+-----
Fighting       | 1 2 3 4 5 |  5.5
Dodging        | 2 3 4 5 |  5.8
Unarmed Combat | 4 5 6 8 9 10 | 10.0
Shapeshifting  | 4 5 6 |  6.7
Invocations    | 2 3 |  3.1

Action                     |  1- 3 |  4- 6 |  7- 9 | 10-12 || total
---------------------------+-------+-------+-------+-------++-------
  Melee: Unarmed           |    77 |    74 |   254 |    41 ||   446
         Punch             |     1 |     5 |    13 |     4 ||    23
 Invoke: Stomp             |       |       |     2 |       ||     2
  Evoke: Wand              |       |       |       |     3 ||     3
    Use: Potion            |       |       |     1 |     1 ||     2
   Stab: Paralysed         |       |       |     6 |     6 ||    12
         Distracted        |       |       |     1 |       ||     1
 Armour: Animal skin       |    45 |    62 |   204 |    46 ||   357
         Skin              |       |       |     8 |       ||     8
  Dodge: Dodged            |    28 |    47 |   123 |    25 ||   223

Table legend: (Time is in decaauts)
 A = Elapsed time spent in this place.
 B = Non-inter-level travel time spent in this place.
 C = Inter-level travel time spent in this place.
 D = Time resting spent in this place.
 E = Time spent auto-exploring this place.
 F = Levels seen in this place.
 G = Mean time per level.
                   A        B        C        D        E       F      G
               +--------+--------+--------+--------+--------+-----+--------+
         Total |   6166 |   5810 |    356 |    211 |   4386 |  10 |  616.6 |
       Dungeon |   5877 |   5572 |    305 |    211 |   4283 |   8 |  734.6 |
        Temple |     54 |      3 |     51 |      0 |      0 |   1 |   54.0 |
       Ossuary |    234 |    234 |      0 |      0 |    103 |   1 |  234.0 |
               +--------+--------+--------+--------+--------+-----+--------+

Top non-repeatable levels by time:
     D:2: 885 daAuts
     D:4: 851 daAuts
     D:5: 847 daAuts
     D:6: 829 daAuts
     D:1: 826 daAuts
     D:7: 719 daAuts
     D:3: 518 daAuts
     D:8: 398 daAuts
 Ossuary: 234 daAuts
  Temple: 54 daAuts
